 Dungeon Crawl Stone Soup version 0.27-a0-522-g46bbb28828 (webtiles) character file.

Game seed: 7966708131191831152

290 tilp the Insei (level 6, 0/43 HPs)
             Began as an Octopode Transmuter on Mar 4, 2021.
             Slain by an orc wizard
             ... wielding a +0 dagger
              (3 damage)
             ... on level 4 of the Dungeon.
             The game lasted 00:06:17 (3657 turns).

tilp the Insei (Octopode Transmuter)                Turns: 3657, Time: 00:06:17

Health: 0/43       AC:  1    Str: 10    XL:     6   Next: 32%
Magic:  7/9        EV: 13    Int: 17    God:
Gold:   282        SH:  0    Dex: 12    Spells: 6/9 levels left

rFire    . . .     SeeInvis .     - Unarmed
rCold    . . .     Faith    .   (no shield)
rNeg     . . .     Spirit   .   (helmet currently unavailable)
rPois    .         Reflect  .   k - amulet of regeneration
rElec    .         Harm     .   m - ring of willpower
rCorr    .         Rampage  .   (no ring)
Will     +....                  (no ring)
Stlth    +++.......             (no ring)
HPRegen  1.14/turn              (no ring)
MPRegen  0.11/turn              (no ring)
                                (no ring)
                                (no ring)

@: appendages (expiring), wereblooded
A: almost no armour, amphibious, 8 rings, constrict 8, tentacle spike 3,
camouflage 1, gelatinous body 1, nimble swimmer 1
a: End Transformation


You were on level 4 of the Dungeon.
One of your tentacles had a temporary spike.
You visited 1 branch of the dungeon, and saw 4 of its levels.

You collected 282 gold pieces.

Inventory:

Missiles
 a - 5 javelins
 f - 10 poisoned darts (quivered)
Jewellery
 k - an amulet of regeneration (around mantle)
 m - a ring of willpower (left tentacle)
Scrolls
 c - a scroll of magic mapping {unknown}
 e - a scroll of enchant weapon {unknown}
 g - a scroll of amnesia
 i - a scroll of fear {unknown}
 j - a scroll of enchant armour
Potions
 b - a potion of attraction
 d - 2 potions of flight
 h - 5 potions of curing
 l - a potion of haste {unknown}
 n - a potion of berserk rage {unknown}
 o - 2 potions of heal wounds {unknown}


   Skills:
 + Level 3.8 Fighting
 - Level 2.0 Dodging
 - Level 4.0 Stealth
 + Level 4.8 Unarmed Combat
 - Level 2.0 Spellcasting
 - Level 2.0 Transmutations


You had 6 spell levels left.
You knew the following spells:

 Your Spells              Type           Power        Failure   Level
a - Beastly Appendage     Tmut           16%          9%          1
b - Wereblood             Tmut           8%           13%         2

Your spell library contained the following spells:

 Spells                   Type           Power        Failure   Level
 Spider Form              Tmut/Pois      2%           36%         3
 Ice Form                 Ice/Tmut       5%           77%         4
 Blade Hands              Tmut           4%           93%         5


Dungeon Overview and Level Annotations

Branches:
Dungeon (4/15)
 Temple: D:4-7

Altars:
Makhleb
Yredelemnul
Zin
The Shining One

Annotations:
D:4 Grinder, Sigmund


Innate Abilities, Weirdness & Mutations

You cannot wear most types of armour.
You are amphibious.
You can wear up to eight rings at the same time.
You can use your tentacles to constrict eight enemies at once.
Your skin changes colour to match your surroundings (Stealth+).
Your rubbery body absorbs attacks. (AC +1, EV +1)
You are stealthy while swimming. (Stealth+)
One of your tentacles bears a large vicious spike.


Message History

An orc wizard comes into view. It is wielding a +0 dagger.
Your transformation is almost over.
The orc wizard shouts!
The orc shouts!
The orc wizard shouts!
You hear a shout!
The orc wizard hits you with a +0 dagger.
The orc hits you with a +2 whip of electrocution.
You hear a shout!
You miss the orc wizard. Your grab misses the orc wizard.
Your tentacle spike misses the orc wizard.
You hear a shout!
The orc hits you with a +2 whip of electrocution.
The orc wizard completely misses you.
You tentacle-slap the orc wizard but do no damage.
You grab the orc wizard.
You pierce the orc wizard.
The orc wizard is lightly wounded.
You constrict the orc wizard, but do no damage.
The orc wizard points at itself and mumbles some strange words.
The orc wizard flickers and vanishes!
Deactivating autopickup; reactivate with Ctrl-A.
You tentacle-slap the orc wizard but do no damage.
The orc wizard is lightly wounded.
You constrict the orc wizard. The orc closely misses you.
The orc wizard hits you with a +0 dagger.
You bludgeon the orc wizard!
You pierce the orc wizard.
Your squeeze misses the orc wizard.
The orc wizard is severely wounded.
You constrict the orc wizard. Something hits you.
The orc hits you but does no damage. The orc wizard completely misses you.
You tentacle-slap the orc wizard but do no damage.
Your tentacle spike misses the orc wizard.
The orc wizard is severely wounded.
You constrict the orc wizard. Something hits you.
The orc hits you with a +2 whip of electrocution.
You are electrocuted!
The orc wizard hits you with a +0 dagger.
You tentacle-slap the orc wizard.
You kill the orc wizard!
The orc hits you but does no damage.
You are electrocuted!!
* * * LOW HITPOINT WARNING * * *
Something hits you.
You die...

##.#
#.##
##.#
#..#
##.##
#..#
##..#
#...#
#.@##
#..o)#
#.....##
##...##
#...
#...
##.. .##


You could see an orc.

Vanquished Creatures
  A bullfrog (D:3)
  A scorpion (D:4)
  A hound (D:3)
  2 orc wizards (D:4)
  An ooze (D:1)
  4 dart slugs (D:2)
  3 worms
  2 leopard geckos
  8 orcs
  7 bats
  A giant cockroach (D:3)
  11 goblins
  10 hobgoblins
  10 jackals
  7 kobolds
  4 quokkas (D:2)
  2 ball pythons
  5 frilled lizards
  10 rats
90 creatures vanquished.

Notes
Turn   | Place    | Note
-------+----------+-------------------------------------------
     0 | D:1      | tilp the Octopode Transmuter began the quest for the Orb.
     0 | D:1      | Reached XP level 1. HP: 13/13 MP: 3/3
    85 | D:1      | Reached skill level 1 in Stealth
   239 | D:1      | Reached XP level 2. HP: 18/18 MP: 5/5
   242 | D:1      | Learned a level 2 spell: Wereblood
   907 | D:1      | Reached XP level 3. HP: 18/23 MP: 6/6
  1735 | D:2      | Reached XP level 4. HP: 29/29 MP: 4/7
  1844 | D:2      | Found a basalt altar of Yredelemnul.
  2345 | D:3      | Found a glowing golden altar of the Shining One.
  2370 | D:3      | Found a burning altar of Makhleb.
  2378 | D:3      | Reached XP level 5. HP: 25/35 MP: 8/8
  2824 | D:3      | Found a glowing silver altar of Zin.
  3262 | D:4      | Reached XP level 6. HP: 28/42 MP: 6/9
  3445 | D:4      | Noticed Sigmund
  3623 | D:4      | Noticed Grinder
  3657 | D:4      | Slain by an orc wizard

Illustrated notes

Levels and vault maps discovered:
D:1:      lightli_arrival_maybe_door_vault, layout_basic
D:2:      minmay_evil_eye, layout_rooms, marbit_many_paths,
          minmay_randomly_rotated_circles
D:3:      layout_basic, lemuel_round_altar, general_overflow_altar,
          makhleb_heckhound_becter, hangedman_decor_clover_reticule,
          kennysheep_generic_room_4
D:4:      layout_cave_pods, uniq_grinder, uniq_sigmund

Skill      XL: |  1  2  3  4  5 |
---------------+----------------+-----
Stealth        | 2 3 4 |  4.0
Fighting       | 2 3 |  3.8
Unarmed Combat | 4 |  4.8
Dodging        | |  2.0
Spellcasting   | |  2.0
Transmutations | |  2.0

Action                   |  1- 3 |  4- 6 || total
-------------------------+-------+-------++-------
Melee: Unarmed           |    94 |   115 ||   209
       Constrict         |    27 |    39 ||    66
       Tentacles         |    22 |    10 ||    32
       Kick              |    15 |    16 ||    31
       Punch             |       |     4 ||     4
Throw: Dart              |     4 |     4 ||     8
 Cast: Beastly Appendage |     6 |    10 ||    16
       Wereblood         |     3 |     5 ||     8
  Use: Scroll            |       |     5 ||     5
 Stab: Sleeping          |     9 |    10 ||    19
Armor: Skin              |     3 |     8 ||    11
Dodge: Dodged            |    44 |    69 ||   113

Table legend: (Time is in decaauts)
 A = Elapsed time spent in this place.
 B = Non-inter-level travel time spent in this place.
 C = Inter-level travel time spent in this place.
 D = Time resting spent in this place.
 E = Time spent auto-exploring this place.
 F = Levels seen in this place.
 G = Mean time per level.
                   A        B        C        D        E       F      G
               +--------+--------+--------+--------+--------+-----+--------+
         Total |   3643 |   3491 |    152 |     81 |   2734 |   4 |  910.8 |
       Dungeon |   3643 |   3491 |    152 |     81 |   2734 |   4 |  910.8 |
               +--------+--------+--------+--------+--------+-----+--------+

Top non-repeatable levels by time:
     D:1: 1201 daAuts
     D:2: 1054 daAuts
     D:3: 1046 daAuts
     D:4: 341 daAuts
